 Dungeon Crawl Stone Soup version 0.22-a0-179-gb5258fd (webtiles) character file.

1965 wolfsongas the Chopper (level 9, -1/69 HPs)
             Began as a Gnoll Wanderer on Feb 14, 2018.
             Slain by a wight
             ... wielding a cursed +3 trident
              (4 damage)
             ... on level 6 of the Dungeon.
             The game lasted 00:06:18 (5897 turns).

wolfsongas the Chopper (Gnoll Wanderer)             Turns: 5897, Time: 00:06:19

Health: -1/69      AC: 10    Str: 15 (18) XL:     9   Next: 19%
Magic:  14/14      EV: 10    Int: 15 (16) God:
Gold:   272        SH:  4    Dex: 12 (13) Spells: 15/15 levels left

rFire    . . .     SeeInvis .   n - +0 war axe
rCold    . . .     Gourm    .   o - +0 buckler
rNeg     . . .     Faith    .   a - +2 scale mail
rPois    .         Spirit   .   (no helmet)
rElec    .         Reflect  .   (no cloak)
rCorr    .         Harm     .   (no gloves)
MR       .....                  m - +0 pair of boots
Stlth    +.........             (no amulet)
HPRegen  0.21/turn              (no ring)
MPRegen  0.14/turn              (no ring)

@: heavily drained
A: distributed training, fangs 1, strong nose
a: no special abilities


You were on level 6 of the Dungeon.
You were not hungry.

You visited 1 branch of the dungeon, and saw 6 of its levels.

You collected 272 gold pieces.

Inventory:

Hand Weapons
 n - a +0 war axe (weapon)
Armour
 a - a +2 scale mail (worn)
 m - a +0 pair of boots (worn)
 o - a +0 buckler (worn)
Wands
 k - a wand of paralysis (27)
Scrolls
 b - a scroll of remove curse
 g - 4 scrolls of teleportation
 h - 3 scrolls of amnesia
 l - a scroll of blinking
Potions
 c - a potion of degeneration
 f - a potion of curing
 j - 2 potions of brilliance
Comestibles
 d - 6 rations


   Skills:
 + Level 6.1(3.9) Fighting
 + Level 3.9(1.9) Short Blades
 + Level 3.9(1.9) Long Blades
 + Level 7.7(5.4) Axes
 + Level 3.9(1.9) Maces & Flails
 + Level 3.9(1.9) Polearms
 + Level 3.9(1.9) Staves
 + Level 3.9(1.9) Slings
 + Level 3.9(1.9) Bows
 + Level 3.9(1.9) Crossbows
 + Level 3.9(1.9) Throwing
 + Level 6.1(3.9) Armour
 + Level 4.7(2.7) Dodging
 + Level 4.6(2.5) Stealth
 + Level 4.7(2.7) Shields
 + Level 3.9(1.9) Unarmed Combat
 + Level 3.9(1.9) Spellcasting
 + Level 3.2(1.2) Conjurations
 + Level 3.2(1.2) Hexes
 + Level 3.2(1.2) Charms
 + Level 3.2(1.2) Summonings
 + Level 3.2(1.2) Necromancy
 + Level 3.2(1.2) Translocations
 + Level 3.2(1.2) Transmutations
 + Level 3.2(1.2) Fire Magic
 + Level 3.2(1.2) Ice Magic
 + Level 3.2(1.2) Air Magic
 + Level 3.2(1.2) Earth Magic
 + Level 3.2(1.2) Poison Magic
 + Level 4.3(2.2) Invocations
 + Level 3.9(1.9) Evocations


You had 15 spell levels left.
You didn't know any spells.

Dungeon Overview and Level Annotations

Branches:
Dungeon (6/15)             Temple (0/1) D:6

Altars:
Dithmenos
Fedhas
Hepliaklqana
Kikubaaqudgha
Makhleb
Trog
Vehumet
Xom
Zin


Innate Abilities, Weirdness & Mutations

Your experience applies equally to all skills.
You have very sharp teeth.
Your uncanny sense of smell can sniff out nearby items.


Message History

You feel drained.
* * * LOW HITPOINT WARNING * * *
The wight hits you but does no damage.
You barely miss the wight.
The wight is almost destroyed.
Your scale mail prevents you from hitting the wight.
The wight barely misses you. You block the wight's attack.
You hit the wight but do no damage. You bite the wight.
The wight is almost destroyed.
You closely miss the wight.
The wight hits you with an enchanted trident.
* * * LOW HITPOINT WARNING * * *
The wight closely misses you.
You barely miss the wight.
The wight is almost destroyed.
You barely miss the wight. The wight barely misses you. x2
The wight hits you with an enchanted trident!
* * * LOW HITPOINT WARNING * * *
You feel drained.
You die...

∆ #....#
#.####
#.# #.#
#.# ##
#.# ..
#.# #.#.#
#.z@#
#.zz#
......#
#..#....
........#
........#
.......>#
.......#


You could see 3 wights.

Vanquished Creatures
  The ghost of lunkers the Pure, a novice OpAK of Lugonu (D:4)
  Grinder (D:6)
  Eustachio (D:6)
  Menkaure (D:5)
  An ice beast (D:4)
  2 ogres
  A centaur (D:5)
  A bullfrog (D:6)
  5 scorpions
  2 wights (D:6)
  A bullfrog zombie (D:6)
  4 hounds
  A centaur skeleton (D:4)
  2 orc priests (D:6)
  3 worker ants
  A worker ant zombie (D:6)
  4 gnolls (D:4)
  7 adders
  An adder zombie (D:6)
  3 worms
  3 dart slugs
  4 leopard geckos
  4 orcs
  6 bats (D:1)
  A giant cockroach (D:4)
  5 goblins
  5 hobgoblins
  8 jackals
  11 kobolds
  A quokka (D:2)
  9 frilled lizards
  7 rats
107 creatures vanquished.

Vanquished Creatures (others)
  5 toadstools (D:6)
5 creatures vanquished.

Grand Total: 112 creatures vanquished

Notes
Turn   | Place    | Note
-------+----------+-------------------------------------------
     0 | D:1      | wolfsongas the Gnoll Wanderer began the quest for the Orb.
     0 | D:1      | wolfsongas set off with: a +2 scale mail, a +0 hand axe, a potion of lignification, a ration
     0 | D:1      | Reached XP level 1. HP: 20/20 MP: 1/1
    40 | D:1      | Reached XP level 2. HP: 25/26 MP: 2/2
   231 | D:1      | Reached XP level 3. HP: 30/31 MP: 3/3
  1021 | D:2      | Found a blossoming altar of Fedhas.
  1140 | D:2      | Reached skill level 1 in Invocations
  1671 | D:3      | Reached skill level 1 in Short Blades
  1671 | D:3      | Reached skill level 1 in Long Blades
  1671 | D:3      | Reached skill level 1 in Maces & Flails
  1671 | D:3      | Reached skill level 1 in Polearms
  1671 | D:3      | Reached skill level 1 in Staves
  1671 | D:3      | Reached skill level 1 in Slings
  1671 | D:3      | Reached skill level 1 in Bows
  1671 | D:3      | Reached skill level 1 in Crossbows
  1671 | D:3      | Reached skill level 1 in Throwing
  1671 | D:3      | Reached skill level 1 in Unarmed Combat
  1671 | D:3      | Reached skill level 1 in Spellcasting
  1671 | D:3      | Reached skill level 1 in Evocations
  1671 | D:3      | Reached XP level 4. HP: 38/38 MP: 5/5
  1774 | D:3      | Found a shadowy altar of Dithmenos.
  1826 | D:3      | Found a bloodstained altar of Trog.
  2266 | D:3      | Reached skill level 1 in Conjurations
  2266 | D:3      | Reached skill level 1 in Hexes
  2266 | D:3      | Reached skill level 1 in Charms
  2266 | D:3      | Reached skill level 1 in Summonings
  2266 | D:3      | Reached skill level 1 in Necromancy
  2266 | D:3      | Reached skill level 1 in Translocations
  2266 | D:3      | Reached skill level 1 in Transmutations
  2266 | D:3      | Reached skill level 1 in Fire Magic
  2266 | D:3      | Reached skill level 1 in Ice Magic
  2266 | D:3      | Reached skill level 1 in Air Magic
  2266 | D:3      | Reached skill level 1 in Earth Magic
  2266 | D:3      | Reached skill level 1 in Poison Magic
  2463 | D:4      | Reached XP level 5. HP: 38/43 MP: 5/7
  2593 | D:4      | Reached XP level 6. HP: 45/50 MP: 8/8
  2939 | D:4      | Reached skill level 5 in Fighting
  2939 | D:4      | Reached skill level 5 in Armour
  3112 | D:4      | Reached XP level 7. HP: 36/56 MP: 10/10
  3248 | D:4      | Noticed lunkers's ghost (novice OpAK)
  3276 | D:4      | Killed lunkers's ghost
  3276 | D:4      | Reached skill level 7 in Axes
  4308 | D:5      | Entered Level 5 of the Dungeon
  4364 | D:5      | Reached XP level 8. HP: 59/63 MP: 12/12
  4432 | D:5      | Found a shimmering altar of Xom.
  4433 | D:5      | Found a hazy altar of Hepliaklqana.
  4434 | D:5      | Noticed a spectral ugly thing
  4456 | D:5      | Found an ancient bone altar of Kikubaaqudgha.
  4498 | D:5      | Noticed Menkaure
  4506 | D:5      | Killed Menkaure
  4978 | D:6      | Noticed Grinder
  4979 | D:6      | Found a staircase to the Ecumenical Temple.
  4989 | D:6      | Paralysed by Grinder for 6 turns
  5001 | D:6      | Paralysed by Grinder for 5 turns
  5006 | D:6      | Killed Grinder
  5120 | D:6      | Noticed Eustachio
  5139 | D:6      | Killed Eustachio
  5262 | D:6      | Found a glowing silver altar of Zin.
  5263 | D:6      | Found a radiant altar of Vehumet.
  5287 | D:6      | Found a burning altar of Makhleb.
  5296 | D:6      | Reached XP level 9. HP: 63/69 MP: 14/14
  5897 | D:6      | HP: 3/69 [wight/enchanted trident (9)]
  5897 | D:6      | Slain by a wight

Vault maps used:
D:1:      dpeg_arrival_tiny_b, st_stairs_14, kennysheep_another_room,
          bh_walls_and_bars
D:2:      fedhas_altar_4
D:3:      marbit_many_paths, nicolae_dithmenos_through_a_glass_darkly
D:4:      first_ration
D:5:      regret_index_temple_of_mockery, kennysheep_mini, uniq_menkaure
D:6:      cheibrodos_fertilizer, kennysheep_mini_moat,
          gammafunk_temple_overflow_statue, minmay_temple_entry_mist,
          minmay_misc_feat_columns, minmay_small_thing, uniq_eustachio,
          uniq_grinder

Skill      XL: |  1  2  3  4  5  6  7  8 |
---------------+-------------------------+-----
Invocations    | 1 2 3 4 |  4.3
Short Blades   | 1 2 3 |  3.9
Long Blades    | 1 2 3 |  3.9
Maces & Flails | 1 2 3 |  3.9
Polearms       | 1 2 3 |  3.9
Staves         | 1 2 3 |  3.9
Slings         | 1 2 3 |  3.9
Bows           | 1 2 3 |  3.9
Crossbows      | 1 2 3 |  3.9
Throwing       | 1 2 3 |  3.9
Unarmed Combat | 1 2 3 |  3.9
Spellcasting   | 1 2 3 |  3.9
Evocations     | 1 2 3 |  3.9
Conjurations   | 1 2 3 |  3.2
Hexes          | 1 2 3 |  3.2
Charms         | 1 2 3 |  3.2
Summonings     | 1 2 3 |  3.2
Necromancy     | 1 2 3 |  3.2
Translocations | 1 2 3 |  3.2
Transmutations | 1 2 3 |  3.2
Fire Magic     | 1 2 3 |  3.2
Ice Magic      | 1 2 3 |  3.2
Air Magic      | 1 2 3 |  3.2
Earth Magic    | 1 2 3 |  3.2
Poison Magic   | 1 2 3 |  3.2
Dodging        | 3 4 |  4.7
Shields        | 3 4 |  4.7
Stealth        | 3 4 |  4.6
Fighting       | 5 6 |  6.1
Armour         | 5 6 |  6.1
Axes           | 7 |  7.7

Action                   |  1- 3 |  4- 6 |  7- 9 || total
-------------------------+-------+-------+-------++-------
Melee: Hand axe          |   118 |   139 |    86 ||   343
       Bite              |     6 |    15 |    23 ||    44
       Punch             |       |     2 |     1 ||     3
       War axe           |       |       |   161 ||   161
  Use: Scroll            |     4 |     3 |     2 ||     9
       Potion            |       |       |     6 ||     6
  Eat: Chunk             |     2 |     5 |     1 ||     8
       Ration            |       |       |     3 ||     3
Armor: Scale mail        |    72 |    60 |    96 ||   228
       Skin              |       |       |    30 ||    30
Dodge: Dodged            |    57 |    94 |   121 ||   272
Block: Buckler           |       |       |    29 ||    29

Table legend:
 A = Spawn XP
 B = Non-spawn XP
 C = Spawn XP percentage of total XP
 D = Spawn monster count
 E = Non-spawn monster count
 F = Spawn count percentage of total count
 G = Total turns spent on level
                    A         B        C        D         E        F      G
               +---------+---------+-------+---------+---------+-------+---------
         Total |       0 |    2808 |   0.0 |       0 |     107 |   0.0 |  5897
               +---------+---------+-------+---------+---------+-------+---------
           D:1 |       0 |      52 |   0.0 |       0 |      30 |   0.0 |   847
           D:2 |       0 |      16 |   0.0 |       0 |       8 |   0.0 |   963
           D:3 |       0 |      73 |   0.0 |       0 |      20 |   0.0 |   819
           D:4 |       0 |    1021 |   0.0 |       0 |      23 |   0.0 |  1679
           D:5 |       0 |     374 |   0.0 |       0 |       7 |   0.0 |   670
           D:6 |       0 |    1272 |   0.0 |       0 |      19 |   0.0 |   919
               +---------+---------+-------+---------+---------+-------+---------
